 Dungeon Crawl Stone Soup version 0.30-a0-46-g5a63ccc183 (webtiles) character file.

Game seed: 7260990007544600641

53 IdlyInterested the Magician (level 3, 0/29 HPs)
             Began as a Demonspawn Wanderer on Sept 1, 2022.
             Slain by a gnoll
             ... wielding a +0 spear
              (2 damage)
             ... on level 3 of the Dungeon.
             The game lasted 00:04:39 (2543 turns).

IdlyInterested the Magician (Demonspawn Wanderer)   Turns: 2543, Time: 00:04:40

Health: 0/29       AC:  9    Str: 10    XL:     3   Next: 64%
Magic:  8/8        EV: 11    Int: 13    God:
Gold:   131        SH:  7    Dex: 16    Spells: 9/10 levels left

rFire   . . .      SeeInvis .    g - +0 short sword
rCold   . . .      Faith    .    d - +2 buckler
rNeg    . . .      Spirit   .    h - +0 leather armour
rPois   .          Reflect  .    (no helmet)
rElec   .          Harm     .    (no cloak)
rCorr   .          Rampage  .    (no gloves)
Will    .....                    (no boots)
Stlth   +.........               (no amulet)
HPRegen 0.09/turn                (no ring)
MPRegen 0.11/turn                (no ring)

@: sanguine armoured, invisible
A: sanguine armour 1, talons 1, deterioration 1
a: no special abilities


You were on level 3 of the Dungeon.
You visited 1 branch of the dungeon, and saw 3 of its levels.

You collected 131 gold pieces.

Inventory:

Hand Weapons
 a - a +0 dagger
 g - a +0 short sword (weapon)
Missiles
 f - 3 poisoned darts
Armour
 c - a +0 robe
 d - a +2 buckler (worn)
 h - a +0 leather armour (worn)
Magical Staves
 l - a staff of death
Scrolls
 b - a scroll of poison {unknown}
 e - 4 scrolls of teleportation
 m - a scroll of identify
Potions
 i - a potion of might {unknown}
 j - a potion of mutation
 k - a potion of invisibility


   Skills:
 * Level 3.0 Fighting
 + Level 1.5 Dodging
 - Level 2.6 Shields
 - Level 4.0 Spellcasting
 - Level 1.7 Fire Magic


You had 9 spell levels left.
You knew the following spells:

 Your Spells              Type           Power      Damage    Failure   Level
a - Foxfire               Conj/Fire      16%        2x1d4     26%         1

Your spell library contained the following spells:

 Spells                   Type           Power      Damage    Failure   Level
 Poisonous Vapours        Pois/Air       4%         N/A       50%         2
 Inner Flame              Hex/Fire       4%         N/A       61%         3
 Olgreb's Toxic Radiance  Pois           2%         N/A       98%         4
 Alistair's Intoxication  Tmut/Pois      1%         N/A       100%        5
 Dragon Form              Tmut           1%         N/A       100%        7


Dungeon Overview and Level Annotations

Branches:
Dungeon (3/15)

Altars:


Innate Abilities, Weirdness & Mutations

When seriously injured, your blood forms armour. (AC +6)
You have sharp toenails.
Your body sometimes deteriorates upon taking damage.


Message History

The gnoll attacks as you move away! The gnoll misses you.
The gnoll hits you from afar with a +0 spear.
The gnoll attacks as you move away! The gnoll hits you with a +0 whip.
Your blood congeals into armour.
You hit the gnoll.
The gnoll is lightly wounded.
The gnoll barely misses you. x2
You barely miss the gnoll.
The gnoll is lightly wounded.
The gnoll hits you from afar with a +0 spear.
The gnoll hits you but does no damage.
You hit the gnoll. You claw the gnoll.
The gnoll is heavily wounded.
You block the gnoll's attack. The gnoll completely misses you.
You hit the gnoll. Your kick misses the gnoll.
The gnoll is almost dead.
The gnoll closely misses you. The gnoll barely misses you.
You closely miss the gnoll.
The gnoll is almost dead.
You block the gnoll's attack. The gnoll hits you with a +0 whip.
You hit the gnoll but do no damage.
The gnoll is almost dead.
You block the gnoll's attack. x2; The gnoll barely misses you. x2
You hit the gnoll.
You kill the gnoll!
The gnoll hits you from afar with a +0 spear.
Your Fighting skill increases to level 3!
The gnoll hits you from afar with a +0 spear.
* * * LOW HITPOINT WARNING * * *
Things that are here:
a +0 whip; a gnoll corpse The gnoll hits you but does no damage.
The gnoll hits you with a +0 spear.
* * * LOW HITPOINT WARNING * * *
You block the gnoll's attack.
It was a potion of invisibility.
You fade into invisibility!
The gnoll hits you with a +0 spear.
* * * LOW HITPOINT WARNING * * *
The gnoll hits you with a +0 spear.
You die...

..........#..######.#
....................[
..........#.....##.#
..........##.......#
..........###.....##
........##..#.#.#
........#...#.# .#
###.###)#.#...## ..
#..######.###g@g##...#####
#........<####g.##....#
##...###..##..........#
###.........####.....####
####..##..# #.........
##.##..# ##g##.....
####..# .g. #.## ....
..♣g. # #.#....#. ...


You could see 3 gnolls.

Vanquished Creatures
  A gnoll (D:3)
  2 adders (D:2)
  A worm (D:2)
  5 endoplasms
  3 goblins
  A hobgoblin (D:3)
  2 jackals (D:2)
  A quokka (D:1)
  4 ball pythons
  A bat (D:2)
  A frilled lizard (D:1)
  A kobold (D:2)
  2 rats
25 creatures vanquished.

Vanquished Creatures (collateral kills)
  A foxfire (D:1)
1 creature vanquished.

Vanquished Creatures (others)
  12 foxfires
12 creatures vanquished.

Grand Total: 38 creatures vanquished

Notes
Turn   | Place    | Note
-------+----------+-------------------------------------------
     0 | D:1      | IdlyInterested the Demonspawn Wanderer began the quest for
                  | the Orb.
     0 | D:1      | IdlyInterested set off with the following items: a +0
                  | dagger, 2 potions of attraction, a +0 robe, a +2 buckler;
                  | and the following spell memorised: Foxfire; and the
                  | following spells available to memorise: Inner Flame.
     0 | D:1      | Reached XP level 1. HP: 15/15 MP: 5/5
   620 | D:1      | Found a faded altar of an unknown god.
   982 | D:2      | Gained mutation: When seriously injured, your blood forms
                  | armour. (AC +6) [demonic ancestry]
   982 | D:2      | Reached XP level 2. HP: 19/22 MP: 7/7
  1032 | D:2      | Reached skill level 1 in Dodging
  1263 | D:2      | Gained mutation: Your body sometimes deteriorates upon
                  | taking damage. [potion of mutation]
  1263 | D:2      | Gained mutation: You have sharp toenails. [potion of
                  | mutation]
  1960 | D:2      | Reached XP level 3. HP: 28/28 MP: 8/8
  2518 | D:3      | Got the Anthology of Metamorphosis and Envenoming
  2543 | D:3      | Slain by a gnoll

Illustrated notes

Levels and vault maps discovered:
D:1:      lightli_arrival_statuegarden, layout_loops_cross, serial_forest,
          infiniplex_forest_end_1, infiniplex_forest_straight_2,
          infiniplex_forest_lined_room_, infiniplex_forest_lined_2,
          infiniplex_forest_fountain, infiniplex_forest_corner_2,
          infiniplex_forest_clump_C, dreamdust_ecumenical_altar_statues
D:2:      layout_basic
D:3:      layout_rooms, gammafunk_ghost_necromancy, grunt_ministairs_13

Skill      XL: |  1  2  3 |
---------------+----------+-----
Fighting       | 2 3 |  3.0
Dodging        | 1 |  1.5
Shields        | |  2.6
Spellcasting   | |  4.0
Fire Magic     | |  1.7

Action                   || total
-------------------------++-------
Melee: Short sword       ||    80
       Dagger            ||     5
       Kick              ||    18
 Cast: Foxfire           ||     7
  Use: Scroll            ||     4
       Potion            ||     2
 Stab: Sleeping          ||     3
Armor: Robe              ||     1
       Leather armour    ||    26
Dodge: Dodged            ||    50
Block: Buckler           ||    36

Table legend: (Time is in decaauts)
 A = Elapsed time spent in this place.
 B = Non-inter-level travel time spent in this place.
 C = Inter-level travel time spent in this place.
 D = Time resting spent in this place.
 E = Time spent auto-exploring this place.
 F = Levels seen in this place.
 G = Mean time per level.
                   A        B        C        D        E       F      G
               +--------+--------+--------+--------+--------+-----+--------+
         Total |   2555 |   2304 |    251 |    906 |   1043 |   3 |  851.7 |
       Dungeon |   2555 |   2304 |    251 |    906 |   1043 |   3 |  851.7 |
               +--------+--------+--------+--------+--------+-----+--------+

Top non-repeatable levels by time:
     D:2: 1472 daAuts
     D:1: 991 daAuts
     D:3: 91 daAuts
